[Event "Titled Tuesday Blitz May 11 2021"]
[White "Holt, Conrad"]
[Black "Nakamura, Hikaru"]
[WhiteFideId "2034387"]
[BlackFideId "2016192"]
[WhiteElo "2586"]
[BlackElo "2900"]
[Result "1-0"]
[Round "10"]
[TimeControl "180+1"]
[Date "2021.05.11"]
[WhiteClock "0:00:03"]
[BlackClock "0:00:02"]

1. d4 g6 2. c4 Bg7 3. Nf3 f5 4. g3 d6 5. Bg2 Nf6 6. O-O O-O 7. Nc3 c6 8. b4 e5 9. dxe5 dxe5 10. Qb3 e4 11. Rd1 Qe8 12. Nd4 Nbd7 13. c5+ Rf7 14. Ne6 Ne5 15. Ng5 h6 16. Nxf7 Nxf7 17. Bb2 Be6 18. Qc2 Qe7 19. e3 Ne5 20. Ne2 Nd3 21. Bc3 Nd5 22. a3 Nxc3 23. Nxc3 Qf6 24. Ne2 Qxa1 25. Rxa1 Bxa1 26. Qd2 Bf6 27. Nd4 Bd5 28. Bf1 Ne5 29. b5 Bd8 30. Qc3 Bf6 31. Qa5 Bd8 32. Qa4 Kg7 33. Be2 h5 34. h4 Bc7 35. bxc6 Nxc6 36. Bc4 Nxd4 37. exd4 Bc6 38. Bb5 e3 39. fxe3 Be4 40. Bc4 Rd8 41. Qxa7 Bxg3 42. d5 Kh6 43. d6 Bxh4 44. Qb6 Bg5 45. Kf2 h4 46. Bf1 Re8 47. a4 Bc6 48. Bb5 Bxe3+ 49. Kf1 h3 50. Bxc6 bxc6 51. Qxc6 Re4 52. Qc8 h2 53. Qh8+ Kg5 54. Qxh2 Bxc5 55. Qg3+ Kf6 56. Qc3+ Bd4 57. Qc7 Rf4+ 58. Kg2 Rf2+ 59. Kh3 Rf3+ 60. Kh2 Rf2+ 61. Kg3 f4+ 62. Kg4 Rg2+ 63. Kf3 Rd2 64. Qe7+ Kf5 65. Qf7+ 1-0


[Site "https://www.chess.com"]

[Event "Titled Tuesday Blitz May 11 2021"]
[White "Indjic, Aleksandar"]
[Black "Nazaretyan, Tigran"]
[WhiteFideId "911925"]
[BlackFideId "24162345"]
[WhiteElo "2643"]
[BlackElo "2247"]
[Result "1-0"]
[Round "10"]
[TimeControl "180+1"]
[Date "2021.05.11"]
[WhiteClock "0:01:46"]
[BlackClock "0:00:49"]

1. d4 Nf6 2. c4 d6 3. Nf3 Nbd7 4. Nc3 e5 5. Bg5 Be7 6. Qc2 h6 7. Bh4 c6 8. e3 Nh5 9. Bg3 Nxg3 10. hxg3 a6 11. O-O-O Qa5 12. Kb1 b5 13. c5 dxc5 14. dxe5 Nb6 15. Bd3 Be6 16. Bf5 O-O 17. Bxe6 fxe6 18. Rxh6 Rxf3 19. Qh7+ Kf8 20. Rg6 Rf5 21. Qh8+ Kf7 22. Rxg7# 1-0


[Site "https://www.chess.com"]

[Event "Titled Tuesday Blitz May 11 2021"]
[White "Ioannidis, Evgenios"]
[Black "Petriashvili, Nikoloz"]
[WhiteFideId "4229274"]
[BlackFideId "13611216"]
[WhiteElo "2174"]
[BlackElo "2430"]
[Result "0-1"]
[Round "10"]
[TimeControl "180+1"]
[Date "2021.05.11"]
[WhiteClock "0:00:03"]
[BlackClock "0:00:30"]

1. d4 Nf6 2. c4 g6 3. Nc3 d5 4. cxd5 Nxd5 5. Bd2 Nb6 6. e3 Bg7 7. h4 N8d7 8. h5 c5 9. hxg6 hxg6 10. Rxh8+ Bxh8 11. Nf3 cxd4 12. exd4 Nf6 13. Bb5+ Bd7 14. Qe2 Bxb5 15. Qxb5+ Qd7 16. Qe2 Rc8 17. O-O-O Qg4 18. Kb1 Nc4 19. Bc1 Bg7 20. Re1 e6 21. Ka1 Kf8 22. g3 a6 23. d5 Nxd5 24. Nxd5 exd5 25. Qe7+ Kg8 26. Ng5 Qf5 27. Qxb7 Ne5 28. g4 Rxc1+ 29. Rxc1 Qxg5 30. Qb8+ Kh7 31. Rh1+ Bh6 32. Qf8 d4 33. Qe8 Qf4 34. a3 Nxg4 35. Rd1 Nxf2 36. Rf1 d3 37. Qd7 d2 0-1


[Site "https://www.chess.com"]

[Event "Titled Tuesday Blitz May 11 2021"]
[White "Ivanisevic, Ivan"]
[Black "Matlakov, Maxim"]
[WhiteFideId "912417"]
[BlackFideId "4168003"]
[WhiteElo "2499"]
[BlackElo "2760"]
[Result "0-1"]
[Round "10"]
[TimeControl "180+1"]
[Date "2021.05.11"]
[WhiteClock "0:00:02"]
[BlackClock "0:00:02"]

1. d4 d5 2. c4 dxc4 3. e3 Nf6 4. Bxc4 e6 5. Nf3 c5 6. O-O a6 7. Nc3 b5 8. Bb3 Nbd7 9. e4 cxd4 10. Nxd4 Bb7 11. Be3 Nc5 12. f3 Be7 13. Rc1 O-O 14. e5 Nfd7 15. f4 Nb6 16. Qg4 Nc4 17. Bxc4 bxc4 18. f5 Kh8 19. Rcd1 Nd3 20. fxe6 fxe6 21. Nxe6 Rxf1+ 22. Rxf1 Qg8 23. Ng5 Nxe5 24. Qf5 Bxg5 25. Qxg5 Ng6 26. h4 Rf8 27. Rxf8 Nxf8 28. h5 h6 29. Qe7 Ba8 30. Bd4 Ne6 31. Be5 Ng5 32. Ne2 Qf7 33. Qd8+ Qg8 34. Qb6 Nf7 35. Bc3 Qe8 36. Nf4 Qe4 37. Qg6 Qe3+ 38. Kh1 Qc1+ 39. Kh2 Qxf4+ 40. Kg1 Qg5 41. Bxg7+ Kg8 42. Bf6+ Qxg6 43. hxg6 Nd6 44. Be5 Ne4 45. Kf1 Bd5 46. Ke2 Nc5 47. Ke3 Nd7 48. Kd4 Bxg2 49. Bf4 h5 0-1


[Site "https://www.chess.com"]

[Event "Titled Tuesday Blitz May 11 2021"]
[White "Jacobson, Brandon"]
[Black "Fier, Alexandr"]
[WhiteFideId "30901561"]
[BlackFideId "2107139"]
[WhiteElo "2362"]
[BlackElo "2569"]
[Result "1-0"]
[Round "10"]
[TimeControl "180+1"]
[Date "2021.05.11"]
[WhiteClock "0:00:25"]
[BlackClock "0:00:24"]

1. d4 Nf6 2. c4 c5 3. d5 e6 4. Nc3 exd5 5. cxd5 d6 6. e4 g6 7. h3 Bg7 8. Nf3 O-O 9. Bd3 Nbd7 10. O-O Re8 11. Re1 Ne5 12. Nxe5 Rxe5 13. Bf4 Nh5 14. Bh2 Qe7 15. f4 Nxf4 16. Bxf4 Rh5 17. Qf3 Bd4+ 18. Kh1 Bd7 19. Rf1 Re8 20. Rae1 a6 21. a4 Rh4 22. Bg3 Rh5 23. e5 dxe5 24. d6 Qe6 25. Nd5 f5 26. Nc7 Qxd6 27. Nxe8 Bxe8 28. Bc4+ Kh8 29. Qe2 f4 30. Rxf4 Bc6 31. Rxd4 Rxh3+ 32. Kg1 Qxd4+ 33. Bf2 Qf4 34. Qxe5+ Qxe5 35. Rxe5 Rh5 36. Rxh5 gxh5 37. Bxc5 Bxa4 38. Bd4# 1-0


[Site "https://www.chess.com"]

[Event "Titled Tuesday Blitz May 11 2021"]
[White "Kacharava, Nikolozi"]
[Black "Jones, Gawain C B"]
[WhiteFideId "13611860"]
[BlackFideId "409561"]
[WhiteElo "2149"]
[BlackElo "2657"]
[Result "1-0"]
[Round "10"]
[TimeControl "180+1"]
[Date "2021.05.11"]
[WhiteClock "0:00:04"]
[BlackClock "0:00:12"]

1. e4 c6 2. d4 d5 3. e5 Bf5 4. Nc3 e6 5. g4 Bg6 6. Nge2 c5 7. h4 Nc6 8. h5 Be4 9. Nxe4 dxe4 10. c3 cxd4 11. cxd4 Bb4+ 12. Bd2 Nh6 13. Bh3 e3 14. fxe3 Qh4+ 15. Kf1 Nxg4 16. Bxg4 Qxh1+ 17. Kf2 Qh4+ 18. Kf3 Bxd2 19. Qxd2 O-O 20. Qe1 Qxe1 21. Rxe1 Nb4 22. Nc3 Rac8 23. Rd1 f5 24. exf6 Rxf6+ 25. Ke4 Kf8 26. a3 Nd5 27. Nxd5 exd5+ 28. Kxd5 Rc2 29. b4 Ke7 30. e4 Rd6+ 31. Ke5 Rg2 32. Bf5 Rg5 33. Rc1 Rc6 34. Rf1 Rxh5 35. d5 Rc2 36. d6+ Kd8 37. Ke6 Rhh2 38. Bxh7 Rcf2 39. Rxf2 1-0


[Site "https://www.chess.com"]

[Event "Titled Tuesday Blitz May 11 2021"]
[White "Kamsky, Gata"]
[Black "Demin, Vladimir"]
[WhiteFideId "2000024"]
[BlackFideId "4167457"]
[WhiteElo "2644"]
[BlackElo "2546"]
[Result "1/2-1/2"]
[Round "10"]
[TimeControl "180+1"]
[Date "2021.05.11"]
[WhiteClock "0:01:12"]
[BlackClock "0:01:40"]

1. d4 Nf6 2. Nf3 d5 3. Bf4 c5 4. e3 Nc6 5. Nbd2 e6 6. c3 Bd6 7. Bg3 O-O 8. Bd3 c4 9. Bc2 b5 10. a3 a5 11. e4 dxe4 12. Nxe4 Nxe4 13. Bxe4 Bb7 14. a4 b4 15. Bxd6 Qxd6 16. O-O h6 17. Qe2 f5 18. Bxc6 Bxc6 19. Ne5 Bd5 20. Nxc4 Qa6 21. b3 bxc3 22. Rfc1 Rab8 23. Rxc3 Rxb3 24. Rxb3 Bxc4 25. Qc2 Bxb3 26. Qxb3 Rd8 27. Rd1 Kh8 28. h3 Qd6 29. Qb5 Qd5 30. Re1 Qxb5 31. axb5 Rxd4 32. Rxe6 Rb4 33. b6 a4 34. Re8+ Kh7 35. Ra8 Rxb6 36. Rxa4 Rb1+ 37. Kh2 Rb6 38. g3 Kg6 39. Kg2 Kf6 1/2-1/2


[Site "https://www.chess.com"]

[Event "Titled Tuesday Blitz May 11 2021"]
[White "Kollars, Dmitrij"]
[Black "Pantsulaia, Levan"]
[WhiteFideId "12909572"]
[BlackFideId "13602071"]
[WhiteElo "2576"]
[BlackElo "2530"]
[Result "0-1"]
[Round "10"]
[TimeControl "180+1"]
[Date "2021.05.11"]
[WhiteClock "0:00:02"]
[BlackClock "0:00:32"]

1. Nf3 c5 2. e4 e6 3. d4 cxd4 4. Nxd4 a6 5. c4 Nf6 6. Nc3 Qc7 7. Be2 b6 8. O-O Bb7 9. Qd3 d6 10. f4 Nbd7 11. b4 Be7 12. Bb2 O-O 13. a3 Rfe8 14. Rac1 Bf8 15. Nc2 Rac8 16. g4 d5 17. cxd5 exd5 18. e5 Nxe5 19. fxe5 Qxe5 20. Bf3 Ne4 21. Nxe4 dxe4 22. Qb3 Bd5 23. Bxe5 Bxb3 24. Bxe4 Rxe5 25. Bd3 a5 26. bxa5 bxa5 27. Nd4 Bc5 28. Rxc5 Rcxc5 29. Nxb3 Rc3 30. Nxa5 Rxa5 31. Be4 Rcxa3 32. Bf3 Ra1 33. Kg2 Rxf1 34. Kxf1 Ra2 35. Be2 Kf8 36. Kf2 Ke7 37. Kf3 Kf6 38. h4 h6 0-1


[Site "https://www.chess.com"]

[Event "Titled Tuesday Blitz May 11 2021"]
[White "Narayanan.S.L"]
[Black "Gritsenko, Nikolai"]
[WhiteFideId "5058422"]
[BlackFideId "14112493"]
[WhiteElo "2617"]
[BlackElo "2389"]
[Result "1-0"]
[Round "10"]
[TimeControl "180+1"]
[Date "2021.05.11"]
[WhiteClock "0:00:55"]
[BlackClock "0:00:02"]

1. b3 f5 2. Bb2 e6 3. h3 d5 4. g4 Nf6 5. Nf3 c5 6. e3 Nc6 7. Rg1 a6 8. d3 d4 9. Qe2 Qa5+ 10. Nbd2 Nb4 11. Rc1 dxe3 12. fxe3 fxg4 13. hxg4 b5 14. a3 Nc6 15. g5 Nd5 16. c4 Nc7 17. Bg2 Bd7 18. cxb5 axb5 19. Kf2 Qb6 20. Ne4 Nd5 21. Rgf1 h6 22. g6 Be7 23. Bxg7 Rg8 24. Bb2 Rxg6 25. Rg1 O-O-O 26. b4 cxb4 27. Ne5 Rf8+ 28. Ke1 Rxg2 29. Rxg2 bxa3 30. Bd4 Qa5+ 31. Kd1 Nb4 32. Rg7 a2 33. Nxc6 Nxc6 34. Rxe7 Kd8 35. Rxd7+ Kxd7 36. Nc5+ Ke7 37. Ba1 1-0


[Site "https://www.chess.com"]

[Event "Titled Tuesday Blitz May 11 2021"]
[White "Nitin, S."]
[Black "Dobrov, Vladimir"]
[WhiteFideId "5018277"]
[BlackFideId "4136594"]
[WhiteElo "2431"]
[BlackElo "2614"]
[Result "0-1"]
[Round "10"]
[TimeControl "180+1"]
[Date "2021.05.11"]
[WhiteClock "0:00:08"]
[BlackClock "0:00:23"]

1. e4 c5 2. Nf3 d6 3. d4 cxd4 4. Nxd4 Nf6 5. Nc3 a6 6. Be3 e6 7. g4 h6 8. h4 b5 9. Bg2 b4 10. Nce2 Bb7 11. Ng3 e5 12. g5 exd4 13. Qxd4 Nc6 14. Qd2 Ng4 15. O-O-O Nxe3 16. Qxe3 Qa5 17. Kb1 hxg5 18. Nf5 O-O-O 19. hxg5 Rxh1 20. Bxh1 Kb8 21. Qb3 g6 22. Ne3 Qxg5 23. Qxf7 Ne5 24. Qb3 a5 25. a3 Qf6 26. axb4 axb4 27. Qxb4 Qxf2 28. Nd5 Rc8 29. Nc3 Qc5 30. Qb3 Bg7 31. Nb5 Nc4 32. c3 Qb6 33. Bg2 Rc5 34. Nd4 Qxb3 35. Nxb3 Re5 36. Rg1 Ne3 37. Bf3 g5 38. Nd4 g4 39. Bxg4 Bxe4+ 40. Kc1 Bh6 41. Bd7 Nf5+ 42. Kd1 Nxd4 43. cxd4 Rd5 44. Rg8+ Kc7 45. Be6 Rxd4+ 46. Ke2 Bf4 47. b3 Rd2+ 48. Ke1 Rc2 49. Rc8+ Kb6 50. Rxc2 Bxc2 51. Ke2 Be4 52. Kd1 Kc5 53. Ke2 Kb4 54. Kd1 d5 55. Ke2 Kxb3 56. Kd1 Kc4 57. Ke2 Kc3 58. Kd1 d4 59. Ke2 d3+ 60. Kd1 Bf3+ 0-1


[Site "https://www.chess.com"]

[Event "Titled Tuesday Blitz May 11 2021"]
[White "Praggnanandhaa R"]
[Black "Martinez Alcantara, Jose Eduardo"]
[WhiteFideId "25059530"]
[BlackFideId "3805662"]
[WhiteElo "2555"]
[BlackElo "2690"]
[Result "0-1"]
[Round "10"]
[TimeControl "180+1"]
[Date "2021.05.11"]
[WhiteClock "0:00:03"]
[BlackClock "0:00:24"]

1. Nf3 c5 2. b3 Nc6 3. Bb2 Nf6 4. c4 e6 5. g3 d5 6. cxd5 exd5 7. Bg2 d4 8. O-O Be7 9. Na3 O-O 10. Nc4 Be6 11. e3 Bd5 12. d3 b5 13. Na3 dxe3 14. fxe3 a6 15. Nc2 Rc8 16. Qe2 h6 17. Rad1 Qb6 18. Kh1 Be6 19. e4 Rcd8 20. d4 cxd4 21. Ncxd4 Nxd4 22. Bxd4 Qc7 23. Rc1 Qb8 24. Be5 Qa8 25. Nd4 Bg4 26. Qe3 Rc8 27. Bxf6 Bxf6 28. e5 Bg5 29. Qxg5 Qxg2+ 30. Kxg2 hxg5 31. Kf2 Rcd8 32. Ke3 Rfe8 33. Rc5 f6 34. Ke4 Bh3 35. Rf2 Rd7 36. Rfc2 Red8 37. Nc6 Re8 38. Nd4 Kh7 39. a4 bxa4 40. bxa4 Red8 41. Nc6 Re8 42. Nd4 Kg6 43. a5 Red8 44. Ne6 Bxe6 0-1


[Site "https://www.chess.com"]

[Event "Titled Tuesday Blitz May 11 2021"]
[White "Quparadze, Giga"]
[Black "Zubov, Alexander"]
[WhiteFideId "13602250"]
[BlackFideId "14109409"]
[WhiteElo "2658"]
[BlackElo "2740"]
[Result "1-0"]
[Round "10"]
[TimeControl "180+1"]
[Date "2021.05.11"]
[WhiteClock "0:00:08"]
[BlackClock "0:00:04"]

1. e4 c5 2. Nf3 e6 3. d4 cxd4 4. Nxd4 a6 5. g3 Qc7 6. Bg2 Nc6 7. O-O d6 8. c4 Nxd4 9. Qxd4 Ne7 10. b3 Nc6 11. Qb2 h5 12. h4 Ne5 13. Be3 Be7 14. Bd4 Bf6 15. Nd2 O-O 16. Nf3 b6 17. Rad1 Bb7 18. Ng5 b5 19. cxb5 axb5 20. Rc1 Qe7 21. Qd2 Rfc8 22. Rxc8+ Rxc8 23. Rd1 Rd8 24. Bb6 Rd7 25. f4 Ng4 26. Ba5 d5 27. Bb4 Qd8 28. Bc5 d4 29. Bf3 Ne3 30. Re1 Bxg5 31. hxg5 e5 32. Qh2 g6 33. b4 Qa8 34. Qd2 Nc4 35. Qd3 Qxa2 36. Bg2 Qa8 37. Bh3 Rd8 38. f5 Ne3 39. fxg6 fxg6 40. Rxe3 dxe3 41. Qb3+ Kg7 42. Be7 e2 43. Kf2 Qa1 44. Bf6+ Kf8 45. Be7+ Kg7 46. Bf6+ Kf8 47. Kxe2 Ra8 48. Be7+ Kxe7 49. Qe6+ Kf8 50. Qf6+ Ke8 51. Qxg6+ Kf8 52. Qf6+ Ke8 53. Qe6+ Kf8 54. Qd6+ 1-0


[Site "https://www.chess.com"]

[Event "Titled Tuesday Blitz May 11 2021"]
[White "Shipov, Sergei"]
[Black "Lintchevski, Daniil"]
[WhiteFideId "4113624"]
[BlackFideId "4171055"]
[WhiteElo "2772"]
[BlackElo "2505"]
[Result "0-1"]
[Round "10"]
[TimeControl "180+1"]
[Date "2021.05.11"]
[WhiteClock "0:00:14"]
[BlackClock "0:00:15"]

1. d4 d5 2. c4 c6 3. Nc3 Nf6 4. Nf3 a6 5. h3 e6 6. e3 c5 7. dxc5 Bxc5 8. cxd5 exd5 9. g4 h6 10. Bg2 Nc6 11. O-O O-O 12. Ne2 Ne4 13. b3 f5 14. Bb2 fxg4 15. hxg4 Bxg4 16. Nh2 Bh5 17. Rc1 Bb6 18. a3 Rc8 19. Qd3 Qg5 20. Nf4 Bf7 21. Nf3 Qg4 22. Nh2 Qf5 23. Rcd1 Rcd8 24. Kh1 Ne5 25. Qe2 g5 26. Bh3 Qf6 27. Ng4 Nxg4 28. Bxf6 Ngxf6 29. Ne6 Bxe6 30. Bxe6+ Kg7 31. Kg2 Rd6 32. Bf5 Nc3 33. Qd3 Nxd1 34. Rxd1 d4 35. exd4 Nh5 36. Qe4 Rdf6 37. Bg4 Rxf2+ 38. Kg1 R2f4 39. Qe5+ Nf6 40. Bh3 Rf7 41. Kh1 Rh4 42. Qg3 Bc7 43. Qc3 g4 44. Rg1 Kh8 45. Kg2 Rxh3 46. Qc4 Rg3+ 47. Kh1 Rh3+ 48. Kg2 Kg7 49. Rf1 Rg3+ 50. Kh1 Rh3+ 51. Kg1 h5 52. Qc5 Rg3+ 53. Kh1 Kg6 54. Qf5+ Kh6 55. Qe6 Rh3+ 56. Kg1 Rg3+ 57. Kh1 Kg7 58. Qf5 Rh3+ 59. Kg1 Rg3+ 60. Kh1 Rf3 61. Rxf3 gxf3 62. Qxf3 Ng4 63. Qd5 Rf1+ 64. Kg2 Ne3+ 65. Kh3 Nxd5 0-1


[Site "https://www.chess.com"]

[Event "Titled Tuesday Blitz May 11 2021"]
[White "Timmermans, Mark"]
[Black "Ozen, Bahadir"]
[WhiteFideId "1026399"]
[BlackFideId "6337058"]
[WhiteElo "2460"]
[BlackElo "2503"]
[Result "1/2-1/2"]
[Round "10"]
[TimeControl "180+1"]
[Date "2021.05.11"]
[WhiteClock "0:00:07"]
[BlackClock "0:00:05"]

1. b4 d5 2. Bb2 Bg4 3. Nf3 Bxf3 4. exf3 e6 5. b5 Nf6 6. a4 g6 7. Be2 Bg7 8. O-O O-O 9. d4 Nbd7 10. Nd2 c5 11. dxc5 Nxc5 12. Bd4 Rc8 13. c4 Qd6 14. cxd5 Ng4 15. fxg4 Bxd4 16. Rc1 Qxd5 17. Bf3 Qg5 18. a5 Rfd8 19. Qe2 Bg7 20. Rc2 Bh6 21. Rd1 b6 22. axb6 axb6 23. g3 Qe7 24. h4 Na4 25. Bc6 Bg7 26. Ne4 Rxd1+ 27. Qxd1 Rd8 28. Qf3 f5 29. gxf5 gxf5 30. Ng5 h6 31. Nh3 Nc5 32. Re2 Rd1+ 33. Kg2 Qd6 34. Nf4 Rc1 35. Qh5 Qd1 36. Qe8+ Kh7 37. Kh2 Qg1+ 38. Kh3 e5 39. Qg6+ Kh8 40. Qxf5 e4 41. Bxe4 Nxe4 42. Qxe4 Qh1+ 43. Qxh1 Rxh1+ 44. Kg2 Rb1 45. Re8+ Kh7 46. Ne6 Ba1 47. Nc7 Bd4 48. Re7+ Kh8 49. Rd7 Bc5 50. Ne6 Rxb5 51. g4 Rb2 52. Nxc5 bxc5 53. Rc7 Rc2 54. Kg3 c4 55. g5 hxg5 56. hxg5 c3 57. f4 Rc1 58. f5 c2 59. Kg2 Kg8 60. g6 Ra1 61. Rxc2 Ra4 62. Kg3 Kg7 63. Rc6 Rb4 64. Re6 Ra4 65. Kf3 Rb4 66. Re4 Rb1 67. Kf4 Rf1+ 68. Kg5 Rg1+ 69. Rg4 Rf1 70. Rg3 Rf2 71. Kg4 Rf1 72. Rf3 Rg1+ 73. Rg3 Rf1 74. Rh3 Rg1+ 75. Kf4 Kf6 76. Rh7 Rf1+ 77. Ke4 Re1+ 78. Kf4 Rf1+ 79. Kg4 Rg1+ 80. Kf3 Kxf5 81. g7 Kf6 82. Rh1 Rxg7 83. Rf1 Kf7 84. Ke2+ Kg8 85. Rf3 Rf7 86. Rxf7 Kxf7 1/2-1/2


[Site "https://www.chess.com"]

[Event "Titled Tuesday Blitz May 11 2021"]
[White "Triapishko, Alexandr"]
[Black "Sadhwani, Raunak"]
[WhiteFideId "14122286"]
[BlackFideId "35093487"]
[WhiteElo "2490"]
[BlackElo "2514"]
[Result "0-1"]
[Round "10"]
[TimeControl "180+1"]
[Date "2021.05.11"]
[WhiteClock "0:00:01"]
[BlackClock "0:00:37"]

1. d4 c5 2. d5 e5 3. e4 d6 4. Nc3 Be7 5. Bb5+ Bd7 6. a4 a6 7. Bd3 Bg5 8. Nf3 Bxc1 9. Qxc1 Ne7 10. Nd2 O-O 11. Nc4 Nc8 12. O-O b6 13. f4 f6 14. f5 Ra7 15. Rf3 b5 16. Ne3 c4 17. Be2 Be8 18. Rh3 Re7 19. Kf2 Qb6 20. g4 Nd7 21. axb5 axb5 22. b4 cxb3 23. cxb3 Nc5 24. Qb1 b4 25. Ncd1 Bb5 26. Bxb5 Qxb5 27. Nc4 Rff7 28. Ra8 Qb7 29. Rxc8+ Qxc8 30. Nxd6 Nd3+ 31. Kf1 Qa6 32. Rxd3 Qxd6 33. Ne3 Ra7 34. Nc4 Qc5 35. d6 Rfd7 36. Rd5 Qc6 37. Ke2 Ra6 38. Kf3 Qa8 39. h4 Qa7 40. g5 Ra2 41. Ne3 fxg5 42. hxg5 Ra6 43. f6 Raxd6 44. Rxe5 Rd3 45. Qg1 Qd4 0-1


[Site "https://www.chess.com"]

[Event "Titled Tuesday Blitz May 11 2021"]
[White "Vogel, Roven"]
[Black "Shimanov, Aleksandr"]
[WhiteFideId "12908088"]
[BlackFideId "4198603"]
[WhiteElo "2516"]
[BlackElo "2596"]
[Result "0-1"]
[Round "10"]
[TimeControl "180+1"]
[Date "2021.05.11"]
[WhiteClock "0:00:02"]
[BlackClock "0:00:07"]

1. d4 d5 2. c4 e5 3. dxe5 Ne7 4. cxd5 Qxd5 5. Qxd5 Nxd5 6. a3 Nc6 7. e4 Nde7 8. Nf3 Bg4 9. Nc3 O-O-O 10. Be3 Ng6 11. Be2 Bxf3 12. gxf3 Ngxe5 13. f4 Nd3+ 14. Bxd3 Rxd3 15. Ke2 Rd7 16. Rad1 Rxd1 17. Rxd1 Be7 18. Nd5 Bd8 19. Kf3 g6 20. b4 a6 21. a4 Ne7 22. Bd4 Rf8 23. Bc5 Re8 24. Nf6 Rh8 25. Rd7 Ng8 26. Rxf7 Nh6 27. Rf8 Rxf8 28. Bxf8 Bxf6 29. Bxh6 b5 30. axb5 axb5 31. Bf8 Kd7 32. Ke3 Ke6 33. Bc5 c6 34. f3 Bb2 35. Kd3 Bf6 36. h3 Bh4 37. Ke3 Bg3 38. Bd4 Bh2 39. Bc3 Bg1+ 40. Kd3 Bb6 41. Bd4 Bc7 42. Be3 Bd6 43. Kc3 Be7 44. Bd2 Bf6+ 45. Kd3 Be7 46. Be1 Bd6 47. Bd2 Kf7 48. Kd4 Be7 49. Ke5 Bf8 50. f5 Ke7 51. Bg5+ Kf7 52. Bd2 Ke7 53. fxg6 hxg6 54. Kd4 Ke6 55. f4 Bd6 56. h4 Be7 57. h5 gxh5 58. f5+ Kf6 59. e5+ Kxf5 60. Be1 h4 61. Bxh4 Bxb4 62. Bd8 Ke6 63. Bc7 Be7 64. Ke4 Ba3 65. Bb6 Bb2 66. Bc7 Bc3 67. Bd6 b4 68. Kd3 Kd5 69. Kc2 c5 70. Kb3 Bxe5 71. Bxe5 Kxe5 72. Kc4 Kd6 0-1


[Site "https://www.chess.com"]

[Event "Titled Tuesday Blitz May 11 2021"]
[White "Weetik, Vjacheslav"]
[Black "Svane, Rasmus"]
[WhiteFideId "4153472"]
[BlackFideId "4657101"]
[WhiteElo "2469"]
[BlackElo "2669"]
[Result "0-1"]
[Round "10"]
[TimeControl "180+1"]
[Date "2021.05.11"]
[WhiteClock "0:00:01"]
[BlackClock "0:00:22"]

1. d4 d5 2. Bf4 e6 3. Nf3 Bd6 4. Bg3 Nf6 5. e3 O-O 6. Nbd2 c5 7. c3 Qc7 8. Bxd6 Qxd6 9. Ne5 b6 10. Bd3 a5 11. O-O Ba6 12. Bxa6 Rxa6 13. Qe2 Nfd7 14. Nef3 Ra8 15. Rad1 Nc6 16. Rfe1 Rfd8 17. e4 cxd4 18. e5 Qe7 19. cxd4 Rdc8 20. Nf1 Nb4 21. Ne3 Nxa2 22. h4 Rc7 23. h5 h6 24. g4 Rac8 25. Kh2 Nf8 26. g5 hxg5 27. Rg1 Nh7 28. Ng4 Rc2 29. Rd2 Rxd2 30. Qxd2 Qb4 31. Qe3 Qe7 32. h6 g6 33. Nxg5 Nb4 34. Nxh7 Kxh7 35. Nf6+ Kh8 36. h7 Qf8 37. Qf4 a4 38. Rc1 Rc4 39. Kg2 b5 40. Rh1 Nc6 41. Qg5 Qd8 0-1


[Site "https://www.chess.com"]

[Event "Titled Tuesday Blitz May 11 2021"]
[White "Yoo, Christopher Woojin"]
[Black "Pakleza, Zbigniew"]
[WhiteFideId "30909694"]
[BlackFideId "1119290"]
[WhiteElo "2009"]
[BlackElo "2526"]
[Result "0-1"]
[Round "10"]
[TimeControl "180+1"]
[Date "2021.05.11"]
[WhiteClock "0:00:01"]
[BlackClock "0:00:10"]

1. e4 d6 2. d4 Nf6 3. Nc3 c6 4. a4 Nbd7 5. f4 e5 6. Nf3 exd4 7. Qxd4 d5 8. exd5 Bc5 9. Qd3 O-O 10. Be2 Re8 11. dxc6 bxc6 12. Ne5 Qc7 13. Qc4 Re7 14. b4 Bd6 15. Nxc6 Re6 16. Nb5 Rxe2+ 17. Kxe2 Ba6 18. Rd1 Nb6 19. Rxd6 Bxb5 20. Qxb5 Qxd6 21. Ne5 Re8 22. Be3 Nbd5 23. Qc5 Qe6 24. Rd1 g5 25. fxg5 Ne4 26. Qd4 Nec3+ 27. Ke1 Nxd1 28. Ng4 N1xe3 29. Nh6+ Kf8 0-1


[Site "https://www.chess.com"]

[Event "Titled Tuesday Blitz May 11 2021"]
[White "Yuan, Qingyu"]
[Black "Le, Tuan Minh"]
[WhiteFideId "8609772"]
[BlackFideId "12401153"]
[WhiteElo "2359"]
[BlackElo "2450"]
[Result "0-1"]
[Round "10"]
[TimeControl "180+1"]
[Date "2021.05.11"]
[WhiteClock "0:00:04"]
[BlackClock "0:00:10"]

1. e4 c5 2. Nf3 Nf6 3. e5 Nd5 4. Nc3 e6 5. Nxd5 exd5 6. d4 Nc6 7. dxc5 Bxc5 8. Qxd5 d6 9. exd6 Qb6 10. Bc4 Bxf2+ 11. Kd1 O-O 12. c3 Bc5 13. Ng5 Bg4+ 14. Kc2 Bh5 15. b3 Rad8 16. d7 Ne7 17. Qd2 Nf5 18. Kb2 Ne3 19. Bd3 Bg6 20. Bxg6 Nc4+ 21. Kc2 Nxd2 22. Bxh7+ Kh8 23. Bxd2 f6 24. h4 Rxd7 25. Bf5 Rxd2+ 26. Kxd2 g6 27. Bxg6 fxg5 28. hxg5+ Kg8 29. Bd3 Rf2+ 30. Kd1 Qd6 31. Rh3 Rf1+ 32. Kc2 Rxa1 33. Bc4+ Kg7 34. Kb2 Qd1 35. Rh7+ Kxh7 0-1


[Site "https://www.chess.com"]

[Event "Titled Tuesday Blitz May 11 2021"]
[White "Zhigalko, Sergei"]
[Black "Gabrielian, Artur"]
[WhiteFideId "13502956"]
[BlackFideId "4131002"]
[WhiteElo "2662"]
[BlackElo "2539"]
[Result "1-0"]
[Round "10"]
[TimeControl "180+1"]
[Date "2021.05.11"]
[WhiteClock "0:00:03"]
[BlackClock "0:00:07"]

1. e4 e5 2. Nf3 Nc6 3. Bc4 Nf6 4. d3 Be7 5. O-O O-O 6. Nbd2 d6 7. c3 Kh8 8. Re1 Ng8 9. d4 f5 10. dxe5 dxe5 11. h3 f4 12. Bd5 Bd6 13. Nc4 Qe7 14. b4 a6 15. a4 Nd8 16. Ba3 Nf6 17. Nxd6 cxd6 18. b5 Nxd5 19. Qxd5 Nf7 20. Red1 Rd8 21. Nxe5 Nxe5 22. Bxd6 Nf3+ 23. gxf3 Qe8 24. Qg5 h6 25. Qxf4 Bxh3 26. Be5 Kh7 27. Qg3 Qe7 28. b6 Re8 29. Rd5 Be6 30. Rd6 Rad8 31. Rxe6 Qf7 32. Rxe8 Rxe8 33. Rd1 Re6 34. Qf4 Qg6+ 35. Kf1 Qh5 36. Bd4 Rg6 37. Qf5 Qh2 38. Ke2 Qd6 39. Rg1 1-0


[Site "https://www.chess.com"]

[Event "Titled Tuesday Blitz May 11 2021"]
[White "dropstoneDP"]
[Black "Xiong, Jeffery"]
[BlackFideId "2047640"]
[WhiteElo "2916"]
[BlackElo "2724"]
[Result "0-1"]
[Round "10"]
[TimeControl "180+1"]
[Date "2021.05.11"]
[WhiteClock "0:00:14"]
[BlackClock "0:00:59"]

1. e4 g6 2. d4 Bg7 3. Nf3 a6 4. g3 d6 5. Bg2 Nf6 6. Qe2 O-O 7. O-O Bg4 8. e5 Nfd7 9. h3 Bxf3 10. Bxf3 Nc6 11. Bxc6 bxc6 12. Bf4 c5 13. c3 cxd4 14. cxd4 c5 15. dxc5 Nxe5 16. cxd6 exd6 17. Nc3 Re8 18. Rad1 Qc8 19. Kh2 Rb8 20. Rd5 Nc4 21. Qf3 Rxb2 22. Ne4 Qe6 23. Nxd6 Nxd6 24. Rxd6 Qxa2 25. Bg5 a5 26. Bf6 Bf8 27. Rd4 Rc2 28. Rf4 Bd6 29. Rd4 Bc5 30. Rf4 Bxf2 31. Ra1 Bd4+ 0-1


[Site "https://www.chess.com"]

[Event "Titled Tuesday Blitz May 11 2021"]
[White "Annaberdiyev, Babageldi"]
[Black "Fier, Alexandr"]
[WhiteFideId "14000385"]
[BlackFideId "2107139"]
[WhiteElo "2332"]
[BlackElo "2569"]
[Result "0-1"]
[Round "11"]
[TimeControl "180+1"]
[Date "2021.05.11"]
[WhiteClock "0:00:05"]
[BlackClock "0:00:20"]

1. e4 c5 2. Nf3 d6 3. d4 cxd4 4. Nxd4 Nf6 5. Nc3 g6 6. Be3 Bg7 7. f3 O-O 8. Qd2 Nc6 9. Bc4 Bd7 10. h4 Rc8 11. Bb3 h5 12. O-O-O Ne5 13. Kb1 Nc4 14. Bxc4 Rxc4 15. g4 hxg4 16. h5 Nxh5 17. Rdg1 Qc8 18. Nd5 Re8 19. b3 Rc5 20. fxg4 Bxg4 21. Rh4 Rxd5 22. exd5 Nf6 23. Bh6 Bh5 24. Bxg7 Kxg7 25. Qg5 Kh7 26. Ne6 Qc3 27. Nf4 Rc8 28. Qg2 Qe5 29. Nxh5 Nxh5 30. Qf3 f6 31. Re4 Rc3 32. Rxe5 Rxf3 33. Rxe7+ Kh6 34. Rxb7 Nf4 35. Rxa7 Nxd5 36. Rd7 Nc3+ 37. Kb2 Ne4 38. a4 Rf5 39. a5 Rxa5 40. Rh1+ Kg5 41. Rg1+ Kf5 42. Rf1+ Ke6 43. Rg7 g5 44. Re1 d5 45. Rg8 Ke5 46. Rd8 g4 47. c4 f5 48. Re8+ Kf4 49. cxd5 Rxd5 50. Rf8 g3 51. Rf1+ Ke3 52. R8xf5 Rxf5 53. Rxf5 g2 54. Rf8 g1=Q 55. Ka3 Qa1+ 0-1


[Site "https://www.chess.com"]